 Dungeon Crawl Stone Soup version 0.23.2-30-g0e89c35649 (webtiles) character file.

Game seed: 6983336778546608336

102 MalarOregon the Chiller (level 4, 0/34 (36) HPs)
             Began as a Ghoul Ice Elementalist on June 22, 2019.
             Slain by a shadow imp (4 damage)
             ... summoned by Natasha
             ... on level 2 of the Dungeon.
             The game lasted 00:02:55 (1715 turns).

MalarOregon the Chiller (Ghoul Ice Elementalist)    Turns: 1715, Time: 00:02:56

HP:   0/34 (36)     AC:  2    Str: 11    XL:     4   Next: 78%
MP:   0/6           EV: 11    Int: 11    God:
Gold: 168           SH:  3    Dex:  9    Spells: 4/7 levels left

rFire    . . .     SeeInvis .     - Unarmed
rCold    + . .     Gourm    .   c - +0 buckler
rNeg     + + +     Faith    .   a - +0 robe
rPois    ∞         Spirit   .   (no helmet)
rElec    .         Reflect  .   (no cloak)
rCorr    .         Harm     .   (no gloves)
MR       .....                  (no boots)
Stlth    ++........             (no amulet)
HPRegen  0.00/turn              (no ring)
MPRegen  0.10/turn              (no ring)

@: very slightly contaminated, rotting
A: rotting body, claws 1, carnivore, cold resistance 1, negative energy
resistance 3, inhibited regeneration, torment resistance, unbreathing
a: no special abilities


You were on level 2 of the Dungeon.
You were not hungry.

You visited 1 branch of the dungeon, and saw 2 of its levels.

You collected 168 gold pieces.

Inventory:

Armour
 a - a +0 robe (worn)
 c - a +0 buckler (worn)
   (You found it on level 1 of the Dungeon)
Jewellery
 m - an uncursed ring of see invisible {unknown}
   (You found it on level 2 of the Dungeon)
Scrolls
 f - a scroll of fear {unknown}
 g - 2 scrolls of remove curse {unknown}
 i - 2 scrolls of identify {unknown}
 l - a scroll of amnesia {unknown}
 n - a scroll of fog {unknown}
Potions
 d - a potion of agility {unknown}
 j - a potion of flight {unknown}
 k - a potion of might {unknown}
 o - a potion of degeneration {unknown}
Comestibles
 e - 4 rations {!d}


   Skills:
 + Level 1.9 Fighting
 - Level 1.7 Dodging
 - Level 2.1 Stealth
 + Level 1.3 Shields
 + Level 1.8 Unarmed Combat
 + Level 2.3 Spellcasting
 - Level 0.7 Conjurations
 + Level 3.9 Ice Magic


You had 4 spell levels left.
You knew the following spells:

 Your Spells              Type           Power        Failure   Level  Hunger
a - Freeze                Ice            ##..         8%          1    ##.....
x - Throw Frost           Conj/Ice       #.....       22%         2    ###....

Your spell library contained the following spells:

 Spells                   Type           Power        Failure   Level  Hunger
 Ozocubu's Armour         Chrm/Ice       #.......     47%         3    ####...
 Throw Icicle             Conj/Ice       #.......     83%         4    #####..
 Summon Ice Beast         Ice/Summ       #.......     87%         4    #####..


Dungeon Overview and Level Annotations

Branches:
Dungeon (2/15)

Altars:
Hepliaklqana

Annotations:
D:2 Natasha


Innate Abilities, Weirdness & Mutations

Your body is rotting away.
You thrive on raw meat.
You are immune to poison.
You have sharp fingernails.
You are carnivorous and can eat meat at any time.
Your flesh is cold resistant. (rC+)
You are immune to negative energy. (rN+++)
You do not regenerate when monsters are visible.
You are immune to unholy pain and torment.
You can survive without breathing.


Message History

You start resting.
You feel your flesh rotting away. x2
Found 14 gold pieces.
Things that are here:
a cursed -3 club; a goblin skeleton
There is a stone staircase leading down here.
You now have 154 gold pieces (gained 11).
i - 2 scrolls labeled PISMYCVECU (gained 1)
You now have 168 gold pieces (gained 14).
You see here 18 poisoned needles.
Things that are here:
a cursed -3 club; a goblin skeleton You see here a +0 club.
You see here a +0 club.
Natasha, Servant of Life and Death comes into view.
No target in view!
No target in view!
Natasha is too close now for your liking.
Natasha hisses angrily.
Natasha misses you.
Aim: Natasha You freeze Natasha.
Natasha claws you!
Aim: Natasha (lightly wounded)
You freeze Natasha. You block Natasha's attack.
Aim: Natasha (lightly wounded)
You freeze Natasha.
Natasha casts a spell.
Aim: Natasha (moderately wounded)
You miscast Freeze.
You are very lightly contaminated with residual magic.
Nothing appears to happen.
Natasha barely misses you.
Aim: Natasha (moderately wounded)
You freeze Natasha. Natasha misses you.
Aim: Natasha (severely wounded)
You freeze Natasha.
The shadow imp lashes its tail.
The shadow imp misses you. Natasha claws you.
You closely miss Natasha. The shadow imp closely misses you.
Natasha misses you.
You barely miss Natasha. The shadow imp hits you. Natasha claws you.
* * * LOW HITPOINT WARNING * * *
You scratch Natasha but do no damage. The shadow imp barely misses you.
Natasha claws you!
* * * LOW HITPOINT WARNING * * *
You scratch Natasha but do no damage. The shadow imp hits you.
* * * LOW HITPOINT WARNING * * *
Natasha barely misses you.
Aim: Natasha (severely wounded)
You freeze Natasha. The shadow imp hits you.
You die...

##........## #
##..........#
#.###...........#
#<.....)........#
###.............#
#.............#
###############.......##
..............#5h...>##
...#...#...#..#.@...##
............._#....##
...#...#...#..#.....#
..............#.....#
###############.....#
#.#.#.##............#
....#.##......).....#
.#....##.......)...##
.##...#####.......##


You could see Natasha and a shadow imp.

Vanquished Creatures
  Natasha (twice) (D:2)
  2 adders (D:2)
  An ooze (D:1)
  A dart slug (D:1)
  2 giant cockroaches (D:1)
  6 goblins
  7 hobgoblins
  A ball python (D:1)
  3 bats
  2 frilled lizards (D:2)
  3 rats
30 creatures vanquished.

Notes
Turn   | Place    | Note
-------+----------+-------------------------------------------
     0 | D:1      | MalarOregon the Ghoul Ice Elementalist began the quest for
                  | the Orb.
     0 | D:1      | Reached XP level 1. HP: 14/14 MP: 2/2
   191 | D:1      | Reached XP level 2. HP: 16/21 MP: 3/3
   569 | D:1      | Reached skill level 1 in Unarmed Combat
   574 | D:1      | Reached skill level 1 in Fighting
   778 | D:1      | You fall through a shaft!
   786 | D:2      | Reached XP level 3. HP: 16/28 MP: 2/5
   922 | D:2      | Learned a level 2 spell: Throw Frost
  1088 | D:2      | Noticed Natasha
  1098 | D:2      | Killed Natasha
  1098 | D:2      | Reached skill level 1 in Shields
  1098 | D:2      | Reached XP level 4. HP: 14/35 MP: 1/6
  1262 | D:2      | Found a hazy altar of Hepliaklqana.
  1307 | D:2      | Noticed Natasha
  1325 | D:2      | HP: 1/35 [iron imp[Natasha] (9)]
  1332 | D:2      | HP: 1/35 [Natasha (7)]
  1333 | D:2      | Killed Natasha
  1699 | D:2      | Noticed Natasha
  1715 | D:2      | Slain by a shadow imp

Skill      XL: |  1  2  3 |
---------------+----------+-----
Spellcasting   | 2 |  2.3
Unarmed Combat | 1 |  1.8
Fighting       | 1 |  1.9
Shields        | 1 |  1.3
Dodging        | |  1.7
Stealth        | |  2.1
Conjurations   | |  0.7
Ice Magic      | |  3.9

Action                   |  1- 3 |  4- 6 || total
-------------------------+-------+-------++-------
Melee: Unarmed           |   110 |    29 ||   139
 Cast: Freeze            |     5 |    16 ||    21
  Use: Potion            |       |     2 ||     2
 Stab: Sleeping          |     1 |       ||     1
  Eat: Chunk             |     2 |     5 ||     7
Armor: Robe              |    33 |     1 ||    34
Dodge: Dodged            |    52 |    29 ||    81
Block: Buckler           |    11 |     5 ||    16
